 Dungeon Crawl Stone Soup version 0.28-a0-793-g31680bbd8b (webtiles) character file.

Game seed: 15154746158087831801

72 frimble the Ruffian (level 4, 0/42 HPs)
             Began as a Troll Warper on Nov 4, 2021.
             Killed from afar by Sigmund (5 damage)
             ... with a magic dart
             ... on level 2 of the Dungeon.
             The game lasted 00:02:10 (1055 turns).

frimble the Ruffian (Troll Warper)                  Turns: 1055, Time: 00:02:11

Health: 0/42       AC:  4    Str: 19    XL:     4   Next: 7%
Magic:  4/4        EV:  9    Int: 10    God:
Gold:   67         SH:  0    Dex:  9    Spells: 5/5 levels left

rFire   . . .      SeeInvis .     - Unarmed
rCold   . . .      Faith    .   (no shield)
rNeg    . . .      Spirit   .   a - +0 robe
rPois   .          Reflect  .   (helmet restricted)
rElec   .          Harm     .   (no cloak)
rCorr   .          Rampage  .   (gloves unavailable)
Will    .....                   (boots unavailable)
Stlth   +.........              (no amulet)
HPRegen 1.14/turn               (no ring)
MPRegen 0.09/turn               (no ring)

@: no status effects
A: large, unfitting armour, claws 3, regeneration 1, shaggy fur 1, tough skin 1
a: no special abilities


You were on level 2 of the Dungeon.
You visited 1 branch of the dungeon, and saw 2 of its levels.

You collected 67 gold pieces.

Inventory:

Armour
 a - a +0 robe (worn)
Scrolls
 b - a scroll of blinking
 e - a scroll of fear
 i - a scroll of noise
Potions
 d - a potion of magic
 g - a potion of cancellation


   Skills:
 - Level 2.2 Fighting
 - Level 1.8 Throwing
 - Level 1.9 Dodging
 + Level 2.7 Unarmed Combat
 - Level 1.2 Spellcasting
 - Level 2.6 Translocations


You had 5 spell levels left.
You didn't know any spells.
Your spell library contained the following spells:

 Spells                   Type           Power      Damage    Failure   Level
 Blink                    Tloc           10%        N/A       17%         2
 Sting                    Tmut/Pois      0%         1d3       34%         1
 Gell's Gravitas          Tloc           5%         N/A       34%         3
 Lesser Beckoning         Tloc           5%         N/A       34%         3
 Teleport Other           Tloc           5%         N/A       34%         3
 Manifold Assault         Tloc           5%         N/A       97%         5


Dungeon Overview and Level Annotations

Branches:
Dungeon (2/15)

Altars:

Annotations:
D:2 Sigmund


Innate Abilities, Weirdness & Mutations

You are too large for most types of armour.
You have claws for hands.
Your natural rate of healing is unusually fast.
You are covered in fur. (AC +1)
You have tough skin. (AC +1)


Message History

Press: ? - help, Q - select action Shift-Dir - straight line, f/p - Sigmund
Aim: Sigmund, wielding a +1 scythe of flaming and wearing a +0 robe (severely wounded, 50% to hit)
You throw a boomerang of dispersal.
The boomerang of dispersal hits Sigmund.
Sigmund blinks!
Sigmund is severely wounded.
Sigmund screams, "Die, monster!"
Throw: 3 boomerangs (disperse)
Press: ? - help, Q - select action Shift-Dir - straight line, f/p - Sigmund
Aim: Sigmund, wielding a +1 scythe of flaming and wearing a +0 robe (severely wounded, 50% to hit)
You throw a boomerang of dispersal.
The boomerang of dispersal barely misses Sigmund.
Throw: 2 boomerangs (disperse)
Press: ? - help, Q - select action Shift-Dir - straight line, f/p - Sigmund
Aim: Sigmund, wielding a +1 scythe of flaming and wearing a +0 robe (severely wounded, 50% to hit)
You throw a boomerang of dispersal.
The boomerang of dispersal hits Sigmund.
Sigmund blinks!
Sigmund is almost dead.
Sigmund points at you and mumbles some strange words.
You are confused.
Sigmund points at you and mumbles some strange words.
The magic dart hits you.
* * * LOW HITPOINT WARNING * * *
Non-targeted confused throw: boomerang (disperse)
Press: ? - help, Q - select action Dir - look around, f - activate You throw a boomerang of dispersal.
Sigmund casts a spell.
Sigmund flickers and vanishes!
Deactivating autopickup; reactivate with Ctrl-A.
You bump into the rock wall.
You bump into the rock wall.
You bump into the rock wall.
You feel less confused.
A puff of flame appears from out of thin air!
The puff of flame hits you!
* * * LOW HITPOINT WARNING * * *
A magic dart appears from out of thin air!
The magic dart hits you.
You die...

,* *##***** *,**,...)....
,***********..,**,* *,***........
,,,,,,,,,,,,.,,,,,* *,* *........
,***########.,,**,***,***........
,,,,........#****,,,,,,,,........
,,,,........# *,***,***........
,,,,........# *** *,* *........
,***........#########.###........
,,,,.......†{...@.........)......
,***........############..#####.#
,,,,.........# ****####.#####.#
****########.## *,,,............
#........#***,***#.......#.#
######.#####..#*,,,,,*#.......#.#
.......# #..#*,,,,,##.......#.#
.......# #..#*,,,,,.........#.#
......######..#*,,,,,#........#.#


There were no monsters in sight!

Vanquished Creatures
  Terence (D:2)
  2 worms (D:2)
  2 dart slugs
  3 bats
  5 endoplasms (D:1)
  2 giant cockroaches (D:2)
  3 goblins (D:1)
  3 hobgoblins
  3 kobolds (D:1)
  A quokka (D:2)
  5 ball pythons (D:1)
  2 frilled lizards (D:1)
  3 rats (D:1)
35 creatures vanquished.

Vanquished Creatures (others)
  A plant (D:2)
1 creature vanquished.

Grand Total: 36 creatures vanquished

Notes
Turn   | Place    | Note
-------+----------+-------------------------------------------
     0 | D:1      | frimble the Troll Warper began the quest for the Orb.
     0 | D:1      | Reached XP level 1. HP: 19/19 MP: 1/1
    64 | D:1      | Reached skill level 1 in Throwing
   147 | D:1      | Reached XP level 2. HP: 28/28 MP: 2/2
   362 | D:1      | Reached XP level 3. HP: 35/35 MP: 3/3
   801 | D:2      | Noticed Terence
   814 | D:2      | Killed Terence
   936 | D:2      | Found a faded altar of an unknown god.
   944 | D:2      | Got Plato's Reference Book on Transmutation
  1008 | D:2      | Reached XP level 4. HP: 40/42 MP: 4/4
  1016 | D:2      | Noticed Sigmund
  1055 | D:2      | Killed from afar by Sigmund

Illustrated notes

Levels and vault maps discovered:
D:1:      minmay_arrival_wavy_path, layout_basic
D:2:      layout_basic, shapermc_ecumenical_altar_rom_forum,
          minmay_tree_intersection, uniq_sigmund, uniq_terence

Skill      XL: |  1  2 |
---------------+-------+-----
Throwing       | 1 |  1.8
Fighting       | 2 |  2.2
Dodging        | |  1.9
Unarmed Combat | |  2.7
Spellcasting   | |  1.2
Translocations | |  2.6

Action                   |  1- 3 |  4- 6 || total
-------------------------+-------+-------++-------
Melee: Unarmed           |    97 |     9 ||   106
Throw: Boomerang         |       |     5 ||     5
  Use: Scroll            |     4 |     2 ||     6
       Potion            |       |     2 ||     2
Armor: Robe              |    35 |     2 ||    37
Dodge: Dodged            |    27 |     4 ||    31

Table legend: (Time is in decaauts)
 A = Elapsed time spent in this place.
 B = Non-inter-level travel time spent in this place.
 C = Inter-level travel time spent in this place.
 D = Time resting spent in this place.
 E = Time spent auto-exploring this place.
 F = Levels seen in this place.
 G = Mean time per level.
                   A        B        C        D        E       F      G
               +--------+--------+--------+--------+--------+-----+--------+
         Total |   1050 |   1023 |     27 |      0 |    753 |   2 |  525.0 |
       Dungeon |   1050 |   1023 |     27 |      0 |    753 |   2 |  525.0 |
               +--------+--------+--------+--------+--------+-----+--------+

Top non-repeatable levels by time:
     D:1: 772 daAuts
     D:2: 278 daAuts
